AoeStats
← jojohe232

Fortress

509722904Analyzed
2v2 RM · 4d ago on Sep 27, 2026· 60m 13s· 4 players
Game mode
Random Map
Map size
Normal (6 player)
Population
200
Speed
Normal
Resources
Standard
Victory
Conquest
Starting age
Dark Age
Ending age
Imperial Age
RankedLock teamsTeams togetherTeam positionsShared explorationLock speedFull tech treeHidden civsTurbo modeCheats
Victory
Defeat
🇫🇷 Goths · France
440
+29
🇫🇷 Teutons · France
440
+31
🇦🇹 Spanish · Austria
574
-22
🇮🇳 Britons · India
374
-13
GABRIEL
9:00 Feudal Age
10:49 Double-Bit Axe
12:56 Gold Mining
14:57 Wheelbarrow
17:52 Castle Age
17:24 Wheelbarrow
18:52 Anarchy
22:17 Stone Mining
23:58 Horse Collar
24:26 Scale Mail Armor
24:37 Forging
24:17 Fletching
24:28 Padded Archer Armor
25:15 Bow Saw
25:19 Squires
40:27 Imperial Age
45:17 Perfusion
47:51 Elite Huskarl
50:01 Chain Mail Armor
50:22 Iron Casting
50:03 Leather Archer Armor
Krayd
7:13 Feudal Age
15:03 Castle Age
20:58 Forging
20:49 Scale Mail Armor
24:02 Arson
25:13 Masonry
26:18 Chain Mail Armor
31:21 Iron Casting
31:23 Ballistics
41:13 Imperial Age
42:50 Elite Teutonic Knight
44:58 Arrowslits
46:26 Blast Furnace
47:04 Plate Mail Armor
52:47 Crenellations
karthiksandy19
14:53 Feudal Age
18:19 Wheelbarrow
18:48 Horse Collar
19:00 Double-Bit Axe
19:22 Fletching
19:33 Padded Archer Armor
19:49 Forging
19:40 Scale Mail Armor
22:21 Castle Age
24:25 Yeomen
24:03 Bodkin Arrow
24:24 Leather Archer Armor
24:13 Heavy Plow
24:25 Bow Saw
24:48 Hand Cart
24:16 Pikeman
25:38 Iron Casting
34:24 Imperial Age
37:19 Bracer
37:42 Murder Holes
43:41 Warwolf
45:30 Ballistics
47:15 Chemistry
50:21 Elite Longbowman
54:17 Ring Archer Armor
jojohe232
1:14 Loom
9:57 Feudal Age
13:22 Double-Bit Axe
13:19 Horse Collar
15:46 Gold Mining
19:17 Castle Age
17:16 Stone Mining
18:17 Forging
18:08 Scale Mail Armor
18:13 Scale Barding Armor
19:52 Bloodlines
21:37 Man-at-Arms
23:58 Fletching
24:09 Padded Archer Armor
25:23 Husbandry
25:24 Bodkin Arrow
25:44 Leather Archer Armor
32:34 Leather Archer Armor
33:55 Pikeman
34:37 Squires
37:26 Imperial Age
38:04 Iron Casting
37:45 Chain Mail Armor
40:58 Chemistry
40:18 Ballistics
Connection lost

Rejoining the realm…

Still unreachable

The connection could not be restored.

Session expired

The server has moved on; the page needs a fresh start.